 Dungeon Crawl Stone Soup version 0.13-a0-2531-g2ad9301 (webtiles) character file.

1010 Kae the Conjurer (level 7, -3/36 HPs)
             Began as a Tengu Fire Elementalist on July 26, 2013.
             Slain by a gnoll shaman
             ... wielding a +1,+0 halberd
              (16 damage)
             ... on Level 3 of the Dungeon.
             The game lasted 00:08:08 (4826 turns).

Kae the Conjurer (Tengu Fire Elementalist)          Turns: 4826, Time: 00:08:08

HP  -3/36        AC  4     Str  8      XL: 7   Next: 95%
MP  14/17        EV 12     Int 18      God:
Gold 189         SH  0     Dex 14      Spells:  2 memorised, 10 levels left

Res.Fire  : . . .   See Invis. : .   r - +0 dagger
Res.Cold  : . . .   Warding    : .   a - +0 robe
Life Prot.: . . .   Conserve   : .   (no shield)
Res.Poison: .       Res.Corr.  : .   (helmet restricted)
Res.Elec. : .       Clarity    : .   z - +1 cloak
Sust.Abil.: . .     Spirit.Shd : .   (no gloves)
Res.Mut.  : .       Stasis     : .   (boots unavailable)
Res.Rott. : .       Flight     : .   (no amulet)
Saprovore : . . .                    (no ring)
                                     (no ring)

@: hasted, glowing, very quick, slightly resistant to hostile enchantments, very
unstealthy
A: able to fly, beak, talons 3
a: Fly


You were on level 3 of the Dungeon.
You were hungry.

You visited 1 branch of the dungeon, and saw 3 of its levels.

You collected 169 gold pieces.

Inventory:

Hand weapons
 r - a +0,+0 dagger (weapon)
 y - a +0,+1 vampiric whip
Armour
 a - a +0 robe (worn)
 k - a +0 cloak
 z - a +1 cloak (worn)
Magical devices
 v - a wand of cold (5) {unknown}
Comestibles
 c - a bread ration
 g - a pear
 h - a meat ration
 i - a choko
Scrolls
 d - a scroll of remove curse {unknown}
 j - a scroll of fog {unknown}
 l - 4 scrolls of identify {unknown}
 m - a scroll of teleportation {unknown}
 n - 2 scrolls of magic mapping {unknown}
 o - a scroll of noise {unknown}
 t - a scroll of enchant weapon I {unknown}
 A - a scroll of blinking {unknown}
Potions
 e - 2 potions of curing
 p - a potion of agility {unknown}
 q - a potion of resistance {unknown}
 s - a potion of flight {unknown}
 u - 3 potions of restore abilities {unknown}
 w - a potion of might {unknown}
 x - a potion of heal wounds {unknown}
Books
 b - a book of Flames

   Spells                             Type                      Level
   *Flame Tongue                      Conjuration/Fire             1
   *Throw Flame                       Conjuration/Fire             2
   Conjure Flame                      Conjuration/Fire             3
   Inner Flame                        Hexes/Fire                   3
   Sticky Flame                       Conjuration/Fire             4
   Fireball                           Conjuration/Fire             5


   Skills:
 - Level 2.1 Dodging
 - Level 2.0 Stealth
 + Level 3.6 Spellcasting
 * Level 8.0 Conjurations
 + Level 6.0 Fire Magic


You had 10 spell levels left.
You knew the following spells:

 Your Spells              Type           Power        Failure   Level  Hunger
a - Flame Tongue          Conj/Fire      ####.        1%          1    None
b - Throw Flame           Conj/Fire      ####..       1%          2    ##.....


Dungeon Overview and Level Annotations

Branches:
Dungeon (3/27)

Altars:
Elyvilon
Fedhas


Innate Abilities, Weirdness & Mutations

You can fly.
You have a beak for a mouth.
You have claws for feet.


Message History

You turn to flesh and can move again.
There is a huge open gate here.
You see here a dart.
Unknown command.
Unknown command.
Unknown command.
The gnoll throws a dart.
The dart hits you!
* * * LOW HITPOINT WARNING * * *
Drink which item? (? for menu, Esc to quit)
You feel better.
It was a potion of curing.
The jackal bites you but does no damage.
The gnoll shaman unwields an uncursed whip.
The gnoll shaman drops an uncursed whip.
The gnoll shaman picks up a halberd.
The gnoll shaman wields a halberd.
The jackal closely misses you.
Drink which item? (? for menu, Esc to quit)
You feel yourself speed up.
It was a potion of speed.
The jackal closely misses you. The gnoll barely misses you.
The gnoll shaman hits you with a halberd!
You die...

≈.#.#.#.........'....'..8#
≈.#.#.'.........'....'..8#
≈.#.#.#.........#)...#gg.gg.g..
≈.#'####''#######)...#########
≈.#.......)#....#)...#
≈.#........#.##.#(g..#
###'#...........#gg..#
#...#############hg''############
#...#...........@g(....((........
#####≈≈≈≈≈≈≈≈≈≈≈≈g...≈)≈(≈≈(≈)≈≈≈
≈≈≈≈≈≈≈≈≈≈≈≈≈≈≈≈≈)...≈≈≈≈≈≈≈)≈≈≈≈
≈≈≈≈≈≈≈≈≈≈≈≈≈≈≈≈≈....≈≈≈(≈≈≈≈≈≈≈≈
......................)........(.
.....).................>.....####
##.######(####.......#..##.#.#
##.# #..<##.#.###.#..##.#.# ##.#
######%#.# #....##.#.#


You could see 2 gnoll shamans, 4 gnolls and a jackal.

Vanquished Creatures
  Grinder (D:3)
  A gnoll sergeant (D:3)
  2 gnoll shamans (D:3)
  19 gnolls (D:3)
  6 adders
  3 worms (D:3)
  A giant mite (D:3)
  3 giant geckos
  2 orcs (D:3)
  4 giant cockroaches
  4 goblins
  6 hobgoblins
  16 jackals
  7 kobolds
  8 bats
  A giant newt (D:1)
  A giant spore (D:3)
  8 rats
  2 ballistomycetes (D:3)
95 creatures vanquished.

Vanquished Creatures (others)
  A jackal (D:3)
1 creature vanquished.

Grand Total: 96 creatures vanquished

Notes
Turn   | Place    | Note
--------------------------------------------------------------
     0 | D:1      | Kae, the Tengu Fire Elementalist, began the quest for the Orb.
     0 | D:1      | Reached XP level 1. HP: 10/10 MP: 3/3
   396 | D:1      | Reached XP level 2. HP: 13/15 MP: 3/5
  1142 | D:2      | Reached skill level 4 in Fire Magic
  1150 | D:1      | Reached XP level 3. HP: 11/19 MP: 1/6
  1428 | D:2      | Learned a level 2 spell: Throw Flame
  1669 | D:2      | Reached XP level 4. HP: 18/24 MP: 4/8
  1780 | D:2      | Found a white marble altar of Elyvilon.
  2053 | D:2      | Found a blossoming altar of Fedhas.
  2277 | D:3      | Reached skill level 5 in Conjurations
  2277 | D:3      | Reached XP level 5. HP: 12/28 MP: 3/11
  2548 | D:3      | Reached XP level 6. HP: 32/32 MP: 11/13
  3172 | D:3      | Noticed Grinder
  3175 | D:3      | Paralysed by Grinder for 6 turns
  3230 | D:3      | Reached skill level 5 in Fire Magic
  3377 | D:3      | Paralysed by Grinder for 2 turns
  3397 | D:3      | Killed Grinder
  3397 | D:3      | Reached skill level 6 in Conjurations
  3397 | D:3      | Reached XP level 7. HP: 18/36 MP: 1/16
  3699 | D:3      | Reached skill level 7 in Conjurations
  4058 | D:3      | Noticed a gnoll sergeant
  4081 | D:3      | Killed a gnoll sergeant
  4677 | D:3      | Reached skill level 8 in Conjurations
  4826 | D:3      | Slain by a gnoll shaman

Action                   |  1- 3 |  4- 6 |  7- 9 || total
-------------------------+-------+-------+-------++-------
Melee: Unarmed           |    30 |    27 |       ||    57
       Dagger            |       |     2 |     1 ||     3
 Cast: Flame Tongue      |    44 |    77 |    92 ||   213
       Throw Flame       |     1 |     6 |     6 ||    13
 Abil: Fly               |       |     2 |       ||     2
  Use: Potion            |       |       |     2 ||     2
 Stab: Sleeping          |       |     1 |       ||     1
